 Dungeon Crawl Stone Soup version 0.25-a0-647-gd602d06ee1 (webtiles) character file.

Game seed: 17485923552311312551, levelgen mode: deterministic

1624 tilp the Charmwright (level 8, -11/64 HPs)
             Began as a Gnoll Skald on Mar 21, 2020.
             Was an Initiate of Gozag.
             Mangled by an orc warrior
             ... wielding a +0 dire flail
              (15 damage)
             ... on level 6 of the Dungeon.
             The game lasted 00:11:50 (5602 turns).

tilp the Charmwright (Gnoll Skald)                  Turns: 5602, Time: 00:11:50

Health: -11/64     AC:  8    Str: 14    XL:     8   Next: 97%
Magic:  17/17      EV: 15    Int: 17    God:    Gozag
Gold:   317        SH:  0    Dex: 15    Spells: 14/19 levels left

rFire    + . .     SeeInvis .   q - +1 dire flail (freeze)
rCold    + . .     Gourm    .   (shield currently unavailable)
rNeg     . . .     Faith    .   x - +1 leather armour {rF+}
rPois    .         Spirit   .   (no helmet)
rElec    .         Reflect  .   (no cloak)
rCorr    .         Harm     .   l - +2 pair of gloves
MR       .....                  (no boots)
Stlth    ++........             (no amulet)
HPRegen  0.20/turn              j - ring of protection from cold
MPRegen  0.15/turn              m - +1 ring of protection (curse)

@: gold aura
A: distributed training, fangs 1, strong nose
a: Potion Petition, Call Merchant, Bribe Branch, Renounce Religion


You were on level 6 of the Dungeon.
You worshipped Gozag.
Gozag was aware of your devotion.
You were near starving.

You visited 1 branch of the dungeon, and saw 6 of its levels.

You collected 419 gold pieces.
You paid 102 gold pieces to Gozag.

Inventory:

Hand Weapons
 a - a +0 spear
 p - a +3 short sword of electrocution
 q - a +1 dire flail of freezing (weapon)
Missiles
 e - 108 stones
 f - 59 bolts
 k - 63 arrows
 s - 9 poisoned darts
 t - 27 sling bullets
 y - 3 boomerangs
 z - 4 curare-tipped darts (quivered)
Armour
 g - a +0 kite shield
 l - a +2 pair of gloves (worn)
 u - a +2 chain mail of poison resistance
 x - a +1 leather armour of fire resistance (worn)
Jewellery
 j - a ring of protection from cold (left hand)
 m - a cursed +1 ring of protection (right hand)
 E - an uncursed ring of resist corrosion
Wands
 w - a wand of disintegration (4)
 A - a wand of enslavement (10)
Scrolls
 c - 2 scrolls of teleportation
 h - a scroll of fear
 i - 2 scrolls of remove curse
Potions
 b - 3 potions of lignification {unknown}
 n - a potion of brilliance
 o - a potion of flight
 r - a potion of invisibility {unknown}
 v - a potion of haste
 B - a potion of heal wounds {unknown}
 C - a potion of mutation {unknown}
Comestibles
 d - 8 rations


   Skills:
 + Level 5.9 Fighting
 + Level 3.6 Short Blades
 + Level 3.6 Long Blades
 + Level 3.6 Axes
 + Level 3.6 Maces & Flails
 + Level 5.9 Polearms
 + Level 3.6 Staves
 + Level 3.6 Slings
 + Level 3.6 Bows
 + Level 3.6 Crossbows
 + Level 3.6 Throwing
 + Level 4.5 Armour
 + Level 5.9 Dodging
 + Level 3.6 Stealth
 + Level 3.6 Shields
 + Level 3.6 Unarmed Combat
 + Level 6.2 Spellcasting
 + Level 3.0 Conjurations
 + Level 3.0 Hexes
 + Level 6.3 Charms
 + Level 3.0 Summonings
 + Level 3.0 Necromancy
 + Level 3.0 Translocations
 + Level 3.0 Transmutations
 + Level 3.0 Fire Magic
 + Level 3.0 Ice Magic
 + Level 3.0 Air Magic
 + Level 3.0 Earth Magic
 + Level 3.0 Poison Magic
 + Level 4.0 Invocations
 + Level 3.6 Evocations


You had 14 spell levels left.
You knew the following spells:

 Your Spells              Type           Power        Failure   Level  Hunger
a - Infusion              Chrm           ####         1%          1    None
b - Song of Slaying       Chrm           ####....     1%          2    None
c - Shroud of Golubria    Chrm/Tloc      ###...       3%          2    None

Your spell library contained the following spells:

 Spells                   Type           Power        Failure   Level  Hunger
 Ozocubu's Armour         Chrm/Ice       ###.....     7%          3    ##.....
 Spectral Weapon          Hex/Chrm       ###.....     7%          3    ##.....


Dungeon Overview and Level Annotations

Branches:
Dungeon (6/15)
 Temple: D:4-7

Altars:
Cheibriados
Gozag
Kikubaaqudgha
Sif Muna
Trog
Xom

Annotations:
D:3 1 runed translucent door, Crazy Yiuf
D:4 Eustachio, Menkaure


Innate Abilities, Weirdness & Mutations

Your experience applies equally to all skills.
You have very sharp teeth.
Your uncanny sense of smell can sniff out nearby items.


Message History

You barely miss the scorpion.
You bite the scorpion, but do no damage.
The scorpion is lightly wounded.
The scorpion closely misses you. The orc warrior closely misses you.
You sock the scorpion! You freeze the scorpion.
The scorpion is almost dead.
The scorpion misses you. The orc warrior closely misses you.
You sock the scorpion! You freeze the scorpion.
You kill the scorpion!
The orc warrior hits you with a +0 dire flail!!
* * * LOW HITPOINT WARNING * * *
You hit the orc warrior. You freeze the orc warrior.
The orc warrior is lightly wounded.
The orc warrior closely misses you.
Okay, then.
You hit the orc warrior but do no damage.
The orc warrior is lightly wounded.
The orc warrior hits you with a +0 dire flail!
You die...
Your body crumbles into a pile of gold.

### #.#########.#
#...$@o.....#
#.#########.# #
#.o.......#
#.#.#######.#
#.#.......#.#
#####.#.####.######
./................#
#####........####[#
#.......#### #.#


You could see an orc warrior.

Vanquished Creatures
  Edmund (D:4)
  A phantom (D:4)
  2 sky beasts (D:5)
  2 ogres (D:5)
  A bullfrog (D:4)
  A scorpion (D:6)
  4 wights
  3 vampire bats (D:4)
  A howler monkey (D:5)
  A bullfrog zombie (D:5)
  A hound (D:5)
  4 orc wizards
  3 orc priests (D:6)
  A centaur skeleton (D:5)
  Ijyb (D:4)
  An iguana (D:4)
  3 worker ants
  2 gnolls (D:2)
  A howler monkey skeleton (D:4)
  9 adders
  An ooze (D:3)
  An adder skeleton (D:4)
  A worm (D:3)
  A dart slug (D:2)
  A leopard gecko (D:2)
  13 orcs
  9 bats
  3 bat skeletons (D:4)
  A bat zombie (D:4)
  3 giant cockroaches
  5 hobgoblins
  10 jackals
  12 kobolds
  3 quokkas
  7 frilled lizards
  6 goblins
  A quokka zombie (D:5)
  9 rats
130 creatures vanquished.

Notes
Turn   | Place    | Note
-------+----------+-------------------------------------------
     0 | D:1      | tilp the Gnoll Skald began the quest for the Orb.
     0 | D:1      | Reached XP level 1. HP: 20/20 MP: 6/6
    68 | D:1      | Reached XP level 2. HP: 26/26 MP: 7/7
   125 | D:1      | Learned a level 2 spell: Song of Slaying
   128 | D:1      | Learned a level 2 spell: Shroud of Golubria
   769 | D:1      | Reached XP level 3. HP: 30/31 MP: 9/9
   789 | D:1      | You fall into a shaft and drop 1 floor!
   796 | D:2      | Reached skill level 5 in Spellcasting
  1216 | D:2      | Reached skill level 1 in Invocations
  1595 | D:2      | Reached skill level 1 in Short Blades
  1595 | D:2      | Reached skill level 1 in Long Blades
  1595 | D:2      | Reached skill level 1 in Axes
  1595 | D:2      | Reached skill level 1 in Maces & Flails
  1595 | D:2      | Reached skill level 1 in Staves
  1595 | D:2      | Reached skill level 1 in Slings
  1595 | D:2      | Reached skill level 1 in Bows
  1595 | D:2      | Reached skill level 1 in Crossbows
  1595 | D:2      | Reached skill level 1 in Throwing
  1595 | D:2      | Reached skill level 1 in Stealth
  1595 | D:2      | Reached skill level 1 in Shields
  1595 | D:2      | Reached skill level 1 in Unarmed Combat
  1595 | D:2      | Reached skill level 1 in Evocations
  1657 | D:2      | Reached XP level 4. HP: 38/38 MP: 8/11
  1865 | D:2      | Reached skill level 1 in Conjurations
  1865 | D:2      | Reached skill level 1 in Hexes
  1865 | D:2      | Reached skill level 1 in Summonings
  1865 | D:2      | Reached skill level 1 in Necromancy
  1865 | D:2      | Reached skill level 1 in Translocations
  1865 | D:2      | Reached skill level 1 in Transmutations
  1865 | D:2      | Reached skill level 1 in Fire Magic
  1865 | D:2      | Reached skill level 1 in Ice Magic
  1865 | D:2      | Reached skill level 1 in Air Magic
  1865 | D:2      | Reached skill level 1 in Earth Magic
  1865 | D:2      | Reached skill level 1 in Poison Magic
  1873 | D:2      | Found a shimmering altar of Xom.
  2048 | D:2      | Reached XP level 5. HP: 37/43 MP: 9/12
  2295 | D:3      | Reached XP level 6. HP: 50/50 MP: 13/13
  2325 | D:3      | Found a bloodstained altar of Trog.
  2396 | D:3      | Found a runed translucent door.
  2397 | D:3      | Noticed Crazy Yiuf
  2890 | D:3      | Reached skill level 5 in Fighting
  2890 | D:3      | Reached skill level 5 in Polearms
  2890 | D:3      | Reached skill level 5 in Dodging
  3328 | D:4      | Noticed Ijyb
  3345 | D:4      | Killed Ijyb
  3568 | D:4      | Reached XP level 7. HP: 40/56 MP: 7/15
  3705 | D:4      | Found a snail-covered altar of Cheibriados.
  3777 | D:4      | Noticed Edmund
  3790 | D:4      | Killed Edmund
  4075 | D:4      | Found a shimmering blue altar of Sif Muna.
  4145 | D:4      | Found an ancient bone altar of Kikubaaqudgha.
  4266 | D:4      | Noticed Menkaure
  4299 | D:4      | Noticed Eustachio
  4320 | D:5      | Entered Level 5 of the Dungeon
  4355 | D:5      | Reached XP level 8. HP: 59/63 MP: 11/16
  4972 | D:5      | Found an opulent altar of Gozag.
  5002 | D:5      | Became a worshipper of Gozag Ym Sagoz the Greedy
  5600 | D:6      | HP: 3/64 [orc warrior/+0 dire flail (21)]
  5602 | D:6      | Mangled by an orc warrior

Levels and vault maps discovered:
D:1:      mrwooster_arrival_statue_2, layout_loops_corners, serial_aquarium,
          aquarium_bridge_island_large [aquarium_subvault_large_open,
          aquarium_subvault_bridge, aquarium_subvault_window,
          aquarium_subvault_bridge, aquarium_subvault_balcony],
          aquarium_window_1, aquarium_window_fake, aquarium_view_2c, st_stairs_8
D:2:      layout_basic, tgw_xom, serial_bayou_ford_a, minmay_small_reverse_x
D:3:      layout_rooms, lemuel_crystal_altar, first_ration,
          uniq_crazy_yiuf_cottage
D:4:      layout_basic, kennysheep_vampire_church, cheibriados_altar_1,
          lemuel_blue_sif_altar, uniq_edmund, uniq_eustachio, uniq_menkaure,
          uniq_ijyb
D:5:      layout_loops_ring, nicolae_gozag_seed_capital
D:6:      layout_basic, portal_sewer_entry_d, uniq_maggie

Skill      XL: |  1  2  3  4  5  6  7  8 |
---------------+-------------------------+-----
Spellcasting   | 5 6 |  6.2
Invocations    | 1 2 3 4 |  4.0
Short Blades   | 1 2 3 |  3.6
Long Blades    | 1 2 3 |  3.6
Axes           | 1 2 3 |  3.6
Maces & Flails | 1 2 3 |  3.6
Staves         | 1 2 3 |  3.6
Slings         | 1 2 3 |  3.6
Bows           | 1 2 3 |  3.6
Crossbows      | 1 2 3 |  3.6
Throwing       | 1 2 3 |  3.6
Stealth        | 1 2 3 |  3.6
Shields        | 1 2 3 |  3.6
Unarmed Combat | 1 2 3 |  3.6
Evocations     | 1 2 3 |  3.6
Conjurations   | 1 2 3 |  3.0
Hexes          | 1 2 3 |  3.0
Summonings     | 1 2 3 |  3.0
Necromancy     | 1 2 3 |  3.0
Translocations | 1 2 3 |  3.0
Transmutations | 1 2 3 |  3.0
Fire Magic     | 1 2 3 |  3.0
Ice Magic      | 1 2 3 |  3.0
Air Magic      | 1 2 3 |  3.0
Earth Magic    | 1 2 3 |  3.0
Poison Magic   | 1 2 3 |  3.0
Armour         | 3 4 |  4.5
Fighting       | 5 |  5.9
Polearms       | 5 |  5.9
Dodging        | 5 |  5.9
Charms         | 6 |  6.3

Action                   |  1- 3 |  4- 6 |  7- 9 || total
-------------------------+-------+-------+-------++-------
Melee: Spear             |   149 |    76 |       ||   225
       Bite              |    11 |    12 |    21 ||    44
       Dire flail        |       |    68 |   215 ||   283
Throw: Stone             |     1 |     1 |       ||     2
       Dart              |       |     7 |    15 ||    22
 Cast: Infusion          |     1 |     6 |     6 ||    13
       Song of Slaying   |       |     5 |     2 ||     7
       Shroud of Golubri |       |     5 |     8 ||    13
Invok: Potion Petition   |       |       |     1 ||     1
Evoke: Wand              |       |       |     1 ||     1
  Use: Scroll            |     2 |     3 |     7 ||    12
       Potion            |       |     1 |     2 ||     3
 Stab: Sleeping          |     2 |     2 |       ||     4
       Distracted        |       |       |     1 ||     1
  Eat: Chunk             |     2 |     7 |     5 ||    14
Armor: Leather armour    |    22 |    28 |    84 ||   134
Dodge: Dodged            |    73 |    98 |   163 ||   334

Table legend:
 A = Non-vault XP
 B = Vault XP
 C = Vault XP percentage of total XP
 D = Non-vault monster count
 E = Vault monster count
 F = Vault count percentage of total count
                 A         B        C        D         E       F
            +---------+---------+-------+---------+---------+-------
      Total |    1880 |     441 |  19.0 |     109 |      21 |  16.2
            +---------+---------+-------+---------+---------+-------
        D:1 |      33 |       1 |   2.9 |      21 |       1 |   4.5
        D:2 |     105 |      60 |  36.4 |      16 |      11 |  40.7
        D:3 |     249 |       0 |   0.0 |      28 |       0 |   0.0
        D:4 |     370 |     380 |  50.7 |      14 |       9 |  39.1
        D:5 |     783 |       0 |   0.0 |      19 |       0 |   0.0
        D:6 |     340 |       0 |   0.0 |      11 |       0 |   0.0
            +---------+---------+-------+---------+---------+-------
